 Dungeon Crawl Stone Soup version 0.29-a0-284-gf9362112df (webtiles) character file.

Game seed: 16140336556163958158

26 domi the Magician (level 2, -1/19 HPs)
             Began as a Demonspawn Hedge Wizard on Mar 21, 2022.
             Slain by an adder (2 damage)
             ... on level 1 of the Dungeon.
             The game lasted 00:02:15 (774 turns).

domi the Magician (Demonspawn Hedge Wizard)          Turns: 774, Time: 00:02:16

Health: -1/19      AC:  2    Str: 10    XL:     2   Next: 89%
Magic:  6/6        EV: 12    Int: 15    God:
Gold:   120        SH:  0    Dex: 12    Spells: 6/7 levels left

rFire   . . .      SeeInvis .   f - +0 hunting sling
rCold   . . .      Faith    .   (no shield)
rNeg    . . .      Spirit   .   b - +0 robe
rPois   +          Reflect  .   c - +0 hat
rElec   .          Harm     .   (no cloak)
rCorr   +          Rampage  .   (no gloves)
Will    .....                   (no boots)
Stlth   ++........              (no amulet)
HPRegen 0.06/turn               e - ring of poison resistance {rPois}
MPRegen 0.10/turn               h - ring of resist corrosion

@: no status effects
A: hooves 1
a: no special abilities


You were on level 1 of the Dungeon.
You visited 1 branch of the dungeon, and saw 2 of its levels.

You collected 120 gold pieces.

Inventory:

Hand Weapons
 a - a +0 dagger
 f - a +0 hunting sling (weapon)
   (You found it on level 1 of the Dungeon)
Missiles
 g - 63 stones
Armour
 b - a +0 robe (worn)
 c - a +0 hat (worn)
Jewellery
 e - a ring of poison resistance (left hand) {rPois}
   (You found it on level 1 of the Dungeon)
 h - a ring of resist corrosion (right hand)
   (You found it on level 1 of the Dungeon)
Potions
 d - a potion of magic


   Skills:
 - Level 1.7 Dodging
 - Level 1.7 Stealth
 + Level 3.3 Spellcasting
 * Level 2.4 Conjurations
 - Level 1.0 Summonings
 - Level 0.8 Translocations


You had 6 spell levels left.
You knew the following spells:

 Your Spells              Type           Power      Damage    Failure   Level
z - Magic Dart            Conj           36%        1d4       7%          1

Your spell library contained the following spells:

 Spells                   Type           Power      Damage    Failure   Level
 Slow                     Hex            8%         N/A       19%         1
 Call Imp                 Summ           5%         N/A       19%         2
 Blink                    Tloc           10%        N/A       21%         2
 Conjure Flame            Conj/Fire      6%         6-21      34%         3
 Mephitic Cloud           Conj/Pois/Air  4%         N/A       38%         3


Dungeon Overview and Level Annotations

Branches:
Dungeon (2/15)

Altars:


Innate Abilities, Weirdness & Mutations

You have large cloven feet.


Message History

You now have 76 gold pieces (gained 12).
g - 63 stones (gained 18)
You now have 88 gold pieces (gained 12).
You now have 103 gold pieces (gained 15).
A frilled lizard comes into view.
A frilled lizard is nearby!
Fire: f) +0 hunting sling
Aim: a frilled lizard (asleep, 98% to hit)
You shoot a sling bullet.
The sling bullet hits the frilled lizard.
The frilled lizard hisses angrily.
Fire: f) +0 hunting sling
Aim: a frilled lizard (heavily wounded, 29% to hit)
You shoot a sling bullet.
The sling bullet barely misses the frilled lizard.
Fire: f) +0 hunting sling
Aim: a frilled lizard (heavily wounded, 29% to hit)
You shoot a sling bullet.
The sling bullet misses the frilled lizard.
Fire: f) +0 hunting sling
Aim: a frilled lizard (heavily wounded, 29% to hit)
You shoot a sling bullet.
The sling bullet misses the frilled lizard.
Fire: f) +0 hunting sling
Aim: a frilled lizard (heavily wounded, 29% to hit)
You shoot a sling bullet.
The sling bullet closely misses the frilled lizard.
The frilled lizard bites you but does no damage.
Fire: f) +0 hunting sling
Aim: a frilled lizard (heavily wounded, 29% to hit)
You shoot a sling bullet.
The sling bullet hits the frilled lizard.
You kill the frilled lizard!
You now have 108 gold pieces (gained 5).
You now have 120 gold pieces (gained 12).
Done exploring.
Done exploring.
Done exploring.
Done exploring.
Done exploring.
Done exploring.
Done exploring.
Done exploring.
(D) Dungeon
Where to? (? - help)
There is a stone staircase leading down here.
You climb downwards.
There is a stone staircase leading up here.
There are monsters nearby!
There are monsters nearby!
Fire: f) +0 hunting sling
Aim: a worm (74% to hit)
You shoot a sling bullet. The sling bullet hits the worm.
The adder hisses angrily.
Fire: f) +0 hunting sling
Aim: a worm (lightly wounded, 74% to hit)
You shoot a sling bullet.
The sling bullet barely misses the worm.
Fire: f) +0 hunting sling
Aim: an adder (29% to hit)
You shoot a sling bullet.
The sling bullet barely misses the adder.
Fire: f) +0 hunting sling
Aim: an adder (29% to hit)
You shoot a sling bullet. The sling bullet hits the adder.
The adder bites you. The adder closely misses you. The worm bites you.
You take 4 damage, and have 15/19 hp.
MASSIVE DAMAGE!!
The adder bites you. x2
You are poisoned.
The adder poisons you! The worm bites you. The rat bites you.
You climb upwards.
You feel sick.
There is a stone staircase leading down here.
You take 9 damage, and have 6/19 hp.
MASSIVE DAMAGE!!
The rat attacks as you move away! The rat misses you.
You feel sick.
You take 1 damage, and have 5/19 hp.
You feel sick.
You take 1 damage, and have 4/19 hp.
The adder attacks as you move away! The adder barely misses you.
You feel sick.
You are no longer poisoned.
The adder barely misses you.
You take 1 damage, and have 3/19 hp.
The adder attacks as you move away! The adder barely misses you. x2
Okay, then.
Fire: f) +0 hunting sling
Aim: an adder (moderately wounded, 29% to hit)
You shoot a sling bullet.
The sling bullet closely misses the adder.
The adder barely misses you.
The rat twitches its whiskers.
The adder bites you.
* * * LOW HITPOINT WARNING * * *
You take 2 damage, and have 1/19 hp.
Fire: f) +0 hunting sling
Aim: an adder (moderately wounded, 29% to hit)
You shoot a sling bullet.
The sling bullet closely misses the adder.
The adder bites you.
You die...

♣..###.......# ♣..#
#.......# ♣.)#
##......## ##.#
#.##....# .#.# #..#....#
.'.# ##......# .'.#
#....†.# .#.#
####.....###### ##.#
#....>#.wrS@..###
♣♣.###.##...######...#
♣......#....######.#.#
....##..........##.#.#
.#######.##.###.####.###
## #........# #...#
###.###########.#
#.............#
#.#############


You could see a worm, an adder and a rat.

Vanquished Creatures
  2 dart slugs (D:1)
  5 ball pythons (D:1)
  A bat (D:1)
  2 endoplasms (D:1)
  A giant cockroach (D:1)
  3 goblins (D:1)
  A hobgoblin (D:1)
  A quokka (D:1)
  2 frilled lizards (D:1)
  2 kobolds (D:1)
  A rat (D:1)
21 creatures vanquished.

Notes
Turn   | Place    | Note
-------+----------+-------------------------------------------
     0 | D:1      | domi the Demonspawn Hedge Wizard began the quest for the
                  | Orb.
     0 | D:1      | Reached XP level 1. HP: 13/13 MP: 4/4
   274 | D:1      | Gained mutation: You have large cloven feet. [demonic
                  | ancestry]
   274 | D:1      | Reached XP level 2. HP: 19/19 MP: 6/6
   413 | D:1      | Reached skill level 2 in Conjurations
   768 | D:1      | HP: 4/19 [poisoned by an adder]
   773 | D:1      | HP: 1/19 [adder (2)]
   774 | D:1      | Slain by an adder

Illustrated notes

Levels and vault maps discovered:
D:1:      sevenhm_arrival_forest_fort_small_6, layout_basic
D:2:      layout_loops_corners, minmay_misc_feat_rugged

Skill      XL: |  1  2 |
---------------+-------+-----
Conjurations   | 2 |  2.4
Dodging        | |  1.7
Stealth        | |  1.7
Spellcasting   | |  3.3
Summonings     | |  1.0
Translocations | |  0.8

Action                   || total
-------------------------++-------
 Fire: Hunting sling     ||    63
 Cast: Magic Dart        ||     4
Armor: Robe              ||     7
Dodge: Dodged            ||    22

Table legend: (Time is in decaauts)
 A = Elapsed time spent in this place.
 B = Non-inter-level travel time spent in this place.
 C = Inter-level travel time spent in this place.
 D = Time resting spent in this place.
 E = Time spent auto-exploring this place.
 F = Levels seen in this place.
 G = Mean time per level.
                   A        B        C        D        E       F      G
               +--------+--------+--------+--------+--------+-----+--------+
         Total |    803 |    787 |     16 |    160 |    466 |   2 |  401.5 |
       Dungeon |    803 |    787 |     16 |    160 |    466 |   2 |  401.5 |
               +--------+--------+--------+--------+--------+-----+--------+

Top non-repeatable levels by time:
     D:1: 796 daAuts
     D:2: 7 daAuts

Table legend:
 A = Kills in this place as a percentage of kills in entire the game.
 B = Kills by you in this place as a percentage of kills by you in the entire game.
 C = Kills by friends in this place as a percentage of kills by friends in the entire game.
 D = Other kills in this place as a percentage of other kills in the entire game.
 E = Experience gained in this place as a percentage of experience gained in the entire game.
 F = Experience gained in this place divided by the number of levels of this place that you have seen.
                   A       B       C       D       E      F
               +-------+-------+-------+-------+-------+----------------------
         Total | 100.0 | 100.0 |   N/A |   N/A | 100.0 |  19.0
       Dungeon | 100.0 | 100.0 |   N/A |   N/A | 100.0 |  19.0
               +-------+-------+-------+-------+-------+----------------------
